 Dungeon Crawl Stone Soup version 0.29.0-10-g45618ea6d2 (webtiles) character file.

Game seed: 15792967941138889703

3303 RascalDebosk the Covered (level 9, 0/79 HPs)
             Began as a Minotaur Fighter on Sept 1, 2022.
             Was an Initiate of Yredelemnul.
             Slain by a starflower (1 damage)
             ... on level 2 of the Abyss.
             The game lasted 00:50:57 (7649 turns).

RascalDebosk the Covered (Minotaur Fighter)         Turns: 7649, Time: 00:51:00

Health: 0/79       AC: 16    Str: 25    XL:     9   Next: 70%
Magic:  12/12      EV:  7    Int:  5    God:    Yredelemnul [......]
Gold:   569        SH:  5    Dex: 10    Spells: 8/8 levels left

rFire   + . .      SeeInvis .   a - +2 war axe
rCold   + . .      Faith    .   c - +0 buckler
rNeg    . . .      Spirit   .   E - +0 plate armour
rPois   .          Reflect  .   (helmet restricted)
rElec   .          Harm     .   (no cloak)
rCorr   .          Rampage  .   o - +1 pair of gloves
Will    .....                   D - +0 pair of boots
Stlth   ..........              (no amulet)
HPRegen 0.23/turn               C - ring of protection from cold
MPRegen 0.13/turn               F - ring of protection from fire

@: weak-willed
A: horns 2, retaliatory headbutt
a: Renounce Religion, Recall Undead Harvest


You were on level 2 of the Abyss.
You worshipped Yredelemnul.
Yredelemnul was noncommittal.
You visited 1 branch of the dungeon, and saw 8 of its levels.
You visited the Abyss 1 time.
You also visited: Ossuary.

You collected 569 gold pieces.

Inventory:

Hand Weapons
 a - a +2 war axe (weapon)
 b - the +7 broad axe "Orb Guardian's Foe" {holy, rElec rCorr Dex+3 Stlth+}
   (You acquired it on level 4 of the Dungeon)

   It has been blessed by the Shining One to cause great damage to the undead
   and demons.
   Dex:       It affects your dexterity (+3).
   rElec:     It insulates you from electricity.
   rCorr:     It protects you from acid and corrosion.
   Stlth:     It makes you more stealthy.
   Yredelemnul disapproves of the use of such an item.
Missiles
 i - 34 poisoned darts (quivered)
 r - a boomerang
 s - a throwing net
 w - 2 curare-tipped darts
Armour
 c - a +0 buckler (worn)
 o - a +1 pair of gloves (worn)
 D - a +0 pair of boots (worn)
 E - a +0 plate armour (worn)
Jewellery
 k - a ring of fire
 C - a ring of protection from cold (left hand)
 F - a ring of protection from fire (right hand)
 G - a ring of see invisible
 H - a +6 ring of intelligence
Scrolls
 g - a scroll of teleportation
 h - 3 scrolls of identify
 p - a scroll of fear
 q - a scroll of poison
 u - a scroll of amnesia
 y - 3 scrolls of immolation
 A - a scroll of summoning
Potions
 d - a potion of ambrosia
 e - 6 potions of heal wounds
 f - 3 potions of curing
 j - 3 potions of brilliance
 l - a potion of mutation
 m - a potion of invisibility {unknown}
 n - a potion of lignification
 t - 2 potions of cancellation
 v - 3 potions of flight
 x - 2 potions of haste
 z - 2 potions of attraction
 B - a potion of degeneration {unknown}


   Skills:
 + Level 7.0 Fighting
 + Level 6.5 Axes
 + Level 4.9 Throwing
 + Level 7.1 Armour
 + Level 7.0 Shields
 * Level 6.1 Invocations
 - Level 4.0 Evocations


You had 8 spell levels left.
You didn't know any spells.
Your spell library contained the following spells:

 Spells                   Type           Power      Damage    Failure   Level
 Static Discharge         Conj/Air       0%         3-3/arc   100%        2
 Confusing Touch          Hex            0%         N/A       100%        3
 Stone Arrow              Conj/Erth      0%         3d7       100%        3
 Animate Armour           Summ/Erth      0%         N/A       100%        4
 Dispel Undead            Necr           0%         3d6       100%        4
 Petrify                  Tmut/Erth      0%         N/A       100%        4
 Sticky Flame             Conj/Fire      0%         2d3       100%        4
 Metabolic Englaciation   Hex/Ice        0%         N/A       100%        5
 Yara's Violent Unravell  Hex/Tmut       0%         3d3       100%        5
 Statue Form              Tmut/Erth      0%         N/A       100%        6
 Enfeeble                 Hex            0%         N/A       100%        7
 Lehudib's Crystal Spear  Conj/Erth      0%         10d2      100%        8


Dungeon Overview and Level Annotations

Branches:
Dungeon (8/15)             Temple (0/1) D:7         Ossuary (visited)
   Lair: D:8-11

Altars:
Cheibriados
Kikubaaqudgha
Makhleb
Nemelex Xobeh
Qazlal
Ru
Trog
Vehumet
Xom
Yredelemnul
Zin

Annotations:
D:8 Psyche


Innate Abilities, Weirdness & Mutations

You have a pair of horns on your head.
You reflexively headbutt those who attack you in melee.


Message History

The harpoon shot hits you!
You are yanked forward by the harpoon shot.
You enter a dispersal trap!
You blink.
A starflower comes into view.
You block the starflower's attack.
The starflower tentacle-slaps you but does no damage.
Really walk into that teleport trap?
Okay, then.
The starflower tentacle-slaps you but does no damage.
You block the starflower's attack.
The starflower tentacle-slaps you but does no damage.
The starflower tentacle-slaps you from afar.
Do you really want to walk into the Zot trap? (Confirm with "yes".)
You enter the Zot trap.
The power of Zot is invoked against you!
Your willpower is stripped away!
The starflower tentacle-slaps you but does no damage.
The starflower tentacle-slaps you from afar.
The starflower tentacle-slaps you. Space warps horribly around you!
You block the starflower's attack.
The starflower tentacle-slaps you but does no damage.
There is a Zot trap here.
As you read the scroll of summoning, it crumbles to dust.
Wisps of shadow whirl around you...
The starflower tentacle-slaps you from afar!
Space warps around you. You block the starflower's attack.
The starflower tentacle-slaps you. Space warps around you.
* * * LOW HITPOINT WARNING * * *
The starflower tentacle-slaps you but does no damage.
The starflower tentacle-slaps you.
* * * LOW HITPOINT WARNING * * *
Space warps horribly around you!
* * * LOW HITPOINT WARNING * * *
Your quasit bites the starflower but does no damage.
Your quasit claws the starflower but does no damage. x2
Your small abomination hits the starflower but does no damage.
The starflower tentacle-slaps you but does no damage.
The starflower tentacle-slaps you from afar.
You die...
Your body rises from the dead as a mindless zombie.

#..#. #.# ##...# ##.#
### ....#...# #.. #..
#..#####. #.#.#
#...#.##....######.#.##
###.......^^5^^.......#
###.#......#^PxP^#...#
.....#..#..^^^^^x#.# .
....#.##.#...#@...#
.#....#.. #####....#
......#.#. ######
...#..# .. ... ..## #
..###...# .## ..# .# ##


You could see 2 starflowers, 2 friendly small abominations and a friendly quasit
(summoned).

Vanquished Creatures
  Sigmund (D:2)
  A shadow (D:7)
  A steam dragon (D:7)
  A vampire mosquito (D:7)
  A water moccasin (D:6)
  2 ice beasts (D:7)
  An orc warrior (D:7)
  2 black bears
  A sky beast (D:8)
  An ogre (D:5)
  A centaur (D:7)
  3 phantoms
  2 elf zombies (Ossuary)
  2 kobold brigands
  4 bullfrogs (D:7)
  2 necrophages
  A scorpion (D:5)
  5 hounds
  5 centaur zombies (Ossuary)
  2 human zombies (Ossuary)
  2 jellies
  3 orc priests
  6 iguanas
  An orc wizard (D:3)
  2 hound zombies (Ossuary)
  3 mummies (Ossuary)
  11 gnolls
  5 adders
  2 white imps
  3 adder zombies (Ossuary)
  A worm (D:2)
  10 orcs
  6 endoplasms
  3 giant cockroaches
  2 gnoll zombies (Ossuary)
  3 goblins
  3 hobgoblins
  4 quokkas
  9 ball pythons
  4 bats (D:1)
  2 frilled lizards (D:3)
  8 goblin zombies
  3 jackal zombies (Ossuary)
  16 kobolds
  3 kobold zombies (Ossuary)
  6 quokka zombies
  A rat (D:3)
  2 rat zombies (Ossuary)
  A spectral orc (D:8)
164 creatures vanquished.

Vanquished Creatures (others)
  An angel (D:6)
  An orc (D:8)
2 creatures vanquished.

Grand Total: 166 creatures vanquished

Notes
Turn   | Place    | Note
-------+----------+-------------------------------------------
     0 | D:1      | RascalDebosk the Minotaur Fighter began the quest for the
                  | Orb.
     0 | D:1      | Reached XP level 1. HP: 19/19 MP: 0/0
   243 | D:1      | Reached XP level 2. HP: 27/27 MP: 1/1
   884 | D:2      | Noticed Sigmund
   894 | D:2      | Killed Sigmund
   895 | D:2      | Reached skill level 1 in Throwing
   895 | D:2      | Reached skill level 1 in Invocations
   895 | D:2      | Reached XP level 3. HP: 32/34 MP: 2/2
   895 | D:2      | Reached XP level 4. HP: 39/41 MP: 3/3
   895 | D:2      | Reached XP level 5. HP: 44/47 MP: 4/4
  1832 | D:2      | Found a bloodstained altar of Trog.
  1913 | D:2      | Found a faded altar of an unknown god.
  2094 | D:3      | Reached XP level 6. HP: 36/53 MP: 6/6
  3230 | D:4      | Reached XP level 7. HP: 55/60 MP: 7/7
  3283 | D:4      | Identified the +3 leather armour of Focus {Harm Will-
                  | Int+10 Dex-5}
  3462 | D:4      | Identified a scroll of acquirement
  3462 | D:4      | Acquired the +7 broad axe "Orb Guardian's Foe" {holy, rElec
                  | rCorr Dex+3 Stlth+}
  3479 | D:4      | Found a sacrificial altar of Ru.
  4064 | D:4      | Reached skill level 5 in Shields
  4181 | D:5      | Entered Level 5 of the Dungeon
  4193 | D:5      | Reached skill level 5 in Fighting
  4193 | D:5      | Reached skill level 5 in Armour
  4193 | D:5      | Found a sand-covered staircase.
  4205 | Ossuary  | Entered an ossuary
  4356 | Ossuary  | Reached XP level 8. HP: 67/68 MP: 9/9
  4602 | D:5      | Identified the +1 robe of Sloth {*Slow Int+9}
  4709 | D:5      | Reached skill level 5 in Axes
  5240 | D:6      | Found a glowing silver altar of Zin.
  5240 | D:6      | Noticed an angel
  5247 | D:6      | Found a shimmering altar of Xom.
  5330 | D:6      | Found an ancient bone altar of Kikubaaqudgha.
  5429 | D:6      | Found a radiant altar of Vehumet.
  5448 | D:6      | Found a stormy altar of Qazlal.
  5456 | D:6      | Found a sparkling altar of Nemelex Xobeh.
  5461 | D:6      | Found a burning altar of Makhleb.
  5626 | D:6      | Killed an angel
  6088 | D:7      | Reached XP level 9. HP: 75/75 MP: 11/11
  6169 | D:7      | Reached skill level 5 in Invocations
  6239 | D:7      | Identified the +1 leather armour "Nepeir" {Int+7}
  6837 | D:7      | Found a snail-covered altar of Cheibriados.
  7450 | D:7      | Found a staircase to the Ecumenical Temple.
  7578 | D:8      | Found a basalt altar of Yredelemnul.
  7585 | D:8      | Became a worshipper of Yredelemnul the Dark
  7622 | D:8      | Noticed Psyche
  7628 | Abyss:2  | Cast into level 2 of the Abyss (Psyche)
  7644 | Abyss:2  | Noticed a starflower
  7645 | Abyss:2  | Noticed a starflower
  7648 | Abyss:2  | HP: 1/79 [starflower (16)]
  7649 | Abyss:2  | Slain by a starflower

Illustrated notes

Levels and vault maps discovered:
D:1:      ncdulo_halloftheorcs, layout_basic
D:2:      layout_basic, hellmonk_ecumenical_altar_leap_of_faith, basic_altar,
          uniq_sigmund
D:3:      layout_loops_ring, dreamdust_wishing_well
D:4:      layout_loops_cross, mainiacjoe_overflow_24_doors
D:5:      layout_basic, enter_ossuary_4, minivault_14
D:6:      layout_gridville, grunt_temple_overflow_order_and_chaos_1,
          mainiacjoe_overflow_boulevard, grunt_temple_overflow_cloverleaf
D:7:      hangedman_cross_stitches, layout_layer_cave,
          mainiacjoe_overflow_six_doors_small, minmay_temple_entry_from_below_a
D:8:      layout_rooms, ashenzari_altar_1, mainiacjoe_overflow_divided_tiny,
          yredelemnul_forgotten_temple_becter, dpeg_lair_monsters,
          due_unseen_surprise, uniq_psyche
Abyss:2:  base: D:5, spicy_abyss_rude_harpoons

Skill      XL: |  1  2  3  4  5  6  7  8  9 |
---------------+----------------------------+-----
Fighting       | 4 5 6 7 |  7.0
Axes           | 3 4 5 6 |  6.5
Throwing       | 1 2 3 4 |  4.9
Armour         | 4 5 6 7 |  7.1
Shields        | 4 5 6 7 |  7.0
Invocations    | 1 2 4 6 |  6.1
Evocations     | 2 3 4 |  4.0

Action                   |  1- 3 |  4- 6 |  7- 9 || total
-------------------------+-------+-------+-------++-------
Melee: War axe           |    21 |   110 |     8 ||   139
       Headbutt          |     2 |    16 |    41 ||    59
       Broad axe         |       |       |   198 ||   198
Throw: Dart              |       |       |     1 ||     1
  Use: Potion            |     1 |       |       ||     1
       Scroll            |       |       |    25 ||    25
Armor: Scale mail        |     7 |    12 |       ||    19
       Chain mail        |       |    54 |    66 ||   120
       Plate armour      |       |       |    71 ||    71
Dodge: Dodged            |    10 |    43 |    67 ||   120
Block: Buckler           |       |    21 |    65 ||    86
